 Dungeon Sprint DCSS version 0.18-a0-124-g4fdfa27 (webtiles) character file.

35459 Kidiri the Unseen (level 12, -2/96 HPs)
             Began as a Spriggan Enchanter on Nov 20, 2015.
             Was the Champion of Dithmenos.
             Slain by Polyphemus (43 damage)
             ... in the Dungeon (Sprint III: "The Ten Rune Challenge").
             The game lasted 00:20:50 (3238 turns).

Kidiri the Unseen (Spriggan Enchanter)              Turns: 3238, Time: 00:20:50

Health: -2/96      AC:  3    Str: 11    XL:     12   Next: 63%
Magic:  1/32       EV: 34    Int: 19    God:    Dithmenos [******]
Gold:   20         SH:  0    Dex: 19    Spells: 8 memorised, 10 levels left

rFire  . . .     SeeInvis +     a - +1 dagger
rCold  . . .     Clarity  .     b - +1 robe
rNeg   . . .     SustAt   .     (shield restricted)
rPois  .         Gourm    .     (helmet restricted)
rElec  .         Spirit   .     (no cloak)
rCorr  .         Warding  .     (gloves unavailable)
rMut   .         NoTele   +     (boots unavailable)
MR     ++...                    (no amulet)
Stlth  ..........               (no ring)
                                (no ring)

@: berserking, wreathed by umbra, very quick, very resistant to hostile
enchantments, extremely unstealthy
A: unfitting armour, see invisible, herbivore 3, speed 3, slow metabolism 2,
strong 1
a: Shadow Step, Shadow Form, Renounce Religion
}: 1/10 runes: serpentine


You were in the Dungeon.
You worshipped Dithmenos.
Dithmenos was exalted by your worship.
You were full.

You visited 1 branch You collected 20 gold pieces.

Inventory:

Hand Weapons
 a - a +1 dagger (weapon)
Missiles
 v - 10 throwing nets (quivered)
Armour
 b - a +1 robe (worn)
Wands
 l - a wand of slowing (19)
 u - a wand of hasting (4)
Scrolls
 j - a scroll of blinking
 k - 5 scrolls of remove curse
 o - a scroll of torment {unknown}
 r - a scroll of holy word {unknown}
Potions
 c - a potion of might
 e - a potion of curing
 f - a potion of heal wounds
 g - 2 potions of haste
 i - a potion of berserk rage
 m - a potion of resistance
 q - 2 potions of flight {unknown}
 s - a potion of cure mutation
Books
 p - a book of the Earth

   Spells                             Type                      Level
   a - Leda's Liquefaction            Hexes/Earth                  4
   b - Bolt of Magma                  Conjuration/Fire/Earth       5
   c - Statue Form                    Transmutation/Earth          6
   d - Iron Shot                      Conjuration/Earth            6
   e - Shatter                        Earth                        9
 t - a book of the Dragon

   Spells                             Type                      Level
   a - Flame Tongue                   Conjuration/Fire             1
   b - Cause Fear                     Hexes                        4
   c - Bolt of Fire                   Conjuration/Fire             6
   d - Dragon Form                    Transmutation                7
   e - Dragon's Call                  Summoning                    9
Comestibles
 h - 6 fruits
 n - 26 royal jellies


   Skills:
 + Level 7.8 Fighting
 * Level 13.7 Short Blades
 + Level 7.0 Armour
 * Level 17.4 Dodging
 * Level 18.7 Stealth
 * Level 15.1 Spellcasting
 + Level 6.8 Conjurations
 + Level 11.7 Hexes
 + Level 7.6 Ice Magic
 + Level 7.4 Earth Magic
 - Level 2.4 Invocations


You had 10 spell levels left.
You knew the following spells:

 Your Spells              Type           Power        Failure   Level  Hunger
a - Corona                Hex            ######.      1%          1    None
b - Ensorcelled Hibernat  Hex/Ice        ######       1%          2    None
c - Confuse               Hex            ######..     1%          3    None
d - Tukima's Dance        Hex            ######..     1%          3    None
e - Dazzling Spray        Conj/Hex       #####...     1%          3    None
f - Cause Fear            Hex            ######....   1%          4    None
g - Iron Shot             Conj/Erth      #####.....   41%         6    #####..
h - Shatter               Erth           #####.....   100%        9    #######


Dungeon Overview and Level Annotations

Branches:
Dungeon (1/1)

Altars:
Cheibriados
Dithmenos
Elyvilon
Fedhas
Gozag
Kikubaaqudgha
Makhleb
Nemelex Xobeh
Okawaru
Qazlal
Ru
Sif Muna
Trog
Vehumet
Xom
Yredelemnul
Zin
The Shining One
Jiyva
Lugonu

Shops:
D =(%

Annotations:
D Ilsuiw, Polyphemus


Innate Abilities, Weirdness & Mutations

You are tiny and cannot use many weapons and most armour.
You have supernaturally acute eyesight.
You are a herbivore.
You cover ground extremely quickly.
You need consume almost no food.
Your muscles are strong. (Str +2)


Message History

Polyphemus hits you but does no damage.
You hit Polyphemus.
Polyphemus is almost dead.
You puncture Polyphemus!
Polyphemus is almost dead.
Your shadow hits Polyphemus but does no damage.
Polyphemus closely misses you. Polyphemus completely misses you.
You puncture Polyphemus!
Polyphemus is almost dead.
You puncture Polyphemus!
Polyphemus is almost dead.
Polyphemus completely misses you. x2
You barely miss Polyphemus.
Polyphemus is almost dead.
Your shadow hits Polyphemus but does no damage.
You hit Polyphemus but do no damage.
Polyphemus is almost dead.
Your shadow hits Polyphemus but does no damage.
Polyphemus hits you!!!
You die...

▓.................#___#_.+...#
▓▓▓▓▓▓▓▓▓▓▓▓▓▓▓▓▓▓▓▓▓▓▓▓▓▓▓▓▓▓
+≈≈≈≈≈≈≈.≈♣♣.....♣♣♣♣≈≈≈.
#≈≈≈.§§§§≈♣♣.≈≈≈≈+♣♣'♣≈≈≈
#..§§§≈≈≈†≈†.....#.≈♣♣♣♣♣
#≈≈≈≈≈§§≈≈♣♣♣♣♣♣♣#..♣♣
#≈≈≈§§≈≈§≈♣ ###+♣♣♣♣
#+####'#######♣ ♣♣♣♣.##..
.........§§@C§.♣♣ ♣...##.##
#+#############'♣ ♣♣.##.##.
#≈....%.C....♣ ♣..#.##.
...+≈≈...########♣♣ ♣♣.##.##
JJJ#≈≈≈%....§§§§§§♣ ♣♣.##.##
J..#≈≈≈≈......§.§§♣ ♣.....## #
###########'#############
▓≈≈≈≈≈≈≈≈≈≈≈ # ▓≈≈≈≈≈≈≈≈≈≈≈ #


You could see Polyphemus.

Vanquished Creatures
  Rupert (D)
  A greater naga (D)
  Maud (D)
  A naga warrior (D)
  2 hydras (D)
  Erolcha (D)
  4 death yaks (D)
  An anaconda (D)
  A death drake (D)
  A spriggan druid (D)
  A lindwurm (D)
  6 black mambas (D)
  A guardian serpent (D)
  2 spiny frogs (D)
  A komodo dragon (D)
  A fire drake (D)
  3 wandering mushrooms (D)
  A deep elf priest (D)
  A queen bee (D)
  8 blink frogs (D)
  A shadow (D)
  2 spriggans (D)
  2 trapdoor spiders (D)
  4 redbacks (D)
  A spatial vortex (D)
  2 hill giants (D)
  A swamp drake (D)
  2 water moccasins (D)
  A necrophage (D)
  2 brain worms (D)
  3 two-headed ogres (D)
  A water elemental (D)
  An electric eel (D)
  32 killer bees (D)
  A jelly (D)
  Jessica (D)
  A necromancer (D)
  A wizard (D)
  3 sheep (D)
  A kobold demonologist (D)
  3 humans (D)
  6 adders (D)
  2 oozes (D)
  A phantom (D)
  A rat (D)
  2 plants (D)
117 creatures vanquished.

Vanquished Creatures (collateral kills)
  2 nagas (D)
2 creatures vanquished.

Vanquished Creatures (others)
  2 draconian scorchers (D)
  2 yaktaurs (D)
  5 plants (D)
9 creatures vanquished.

Grand Total: 128 creatures vanquished

Notes
Turn   | Place    | Note
--------------------------------------------------------------
     0 | D        | Kidiri the Spriggan Enchanter began the quest for the Orb.
     0 | D        | Reached XP level 1. HP: 9/9 MP: 5/5
     7 | D        | Reached skill level 5 in Stealth
     7 | D        | Reached XP level 2. HP: 13/13 MP: 5/7
    32 | D        | Noticed Jessica
    37 | D        | Killed Jessica
    37 | D        | Reached skill level 1 in Fighting
    37 | D        | Reached skill level 1 in Armour
    37 | D        | Reached skill level 6 in Stealth
    37 | D        | Reached XP level 3. HP: 16/18 MP: 8/10
    41 | D        | Learned a level 2 spell: Ensorcelled Hibernation
    45 | D        | Learned a level 3 spell: Confuse
    49 | D        | Learned a level 3 spell: Dazzling Spray
   116 | D        | Reached skill level 5 in Dodging
   209 | D        | Killed a yaktaur
   267 | D        | Gained mutation: You expend magic power (3 MP) to strengthen your wands. [potion of mutation]
   267 | D        | Gained mutation: You have sharp toenails. [potion of mutation]
   267 | D        | Gained mutation: You occasionally shout uncontrollably at your foes. [potion of mutation]
   268 | D        | Lost mutation: You occasionally shout uncontrollably at your foes. [potion of cure mutation]
   268 | D        | Lost mutation: You have sharp toenails. [potion of cure mutation]
   268 | D        | Lost mutation: You expend magic power (3 MP) to strengthen your wands. [potion of cure mutation]
   269 | D        | Gained mutation: You are dopey. (Int -2) [potion of mutation]
   269 | D        | Gained mutation: Your muscles are strong. (Str +2) [potion of mutation]
   269 | D        | Lost mutation: You are dopey. (Int -2) [potion of mutation]
   325 | D        | Killed a white draconian scorcher
   325 | D        | Killed a white draconian scorcher
   329 | D        | Noticed a water elemental
   331 | D        | Killed a water elemental
   331 | D        | Reached skill level 7 in Stealth
   331 | D        | Reached skill level 5 in Spellcasting
   331 | D        | Reached skill level 1 in Conjurations
   331 | D        | Reached skill level 1 in Ice Magic
   331 | D        | Reached XP level 4. HP: 23/23 MP: 10/12
   351 | D        | Noticed a shadow
   353 | D        | Killed a shadow
   353 | D        | Reached skill level 5 in Short Blades
   353 | D        | Reached skill level 8 in Dodging
   353 | D        | Reached skill level 9 in Stealth
   353 | D        | Reached skill level 5 in Hexes
   353 | D        | Reached XP level 5. HP: 27/27 MP: 13/15
   353 | D        | Reached XP level 6. HP: 32/32 MP: 13/16
   362 | D        | Learned a level 3 spell: Tukima's Dance
   423 | D        | Found a stormy altar of Qazlal.
   424 | D        | Noticed a spatial vortex
   424 | D        | Killed a spatial vortex
   424 | D        | Reached skill level 10 in Stealth
   425 | D        | Found a sacrificial altar of Ru.
   425 | D        | Found a burning altar of Makhleb.
   425 | D        | Found a viscous altar of Jiyva.
   425 | D        | Found a shimmering altar of Xom.
   425 | D        | Found a shadowy altar of Dithmenos.
   425 | D        | Found a sparkling altar of Nemelex Xobeh.
   425 | D        | Found a corrupted altar of Lugonu.
   425 | D        | Found an opulent altar of Gozag.
   431 | D        | Became a worshipper of Dithmenos the Shadowed
   456 | D        | Found a radiant altar of Vehumet.
   457 | D        | Found a deep blue altar of Sif Muna.
   457 | D        | Found an ancient bone altar of Kikubaaqudgha.
   463 | D        | Reached * piety under Dithmenos
   478 | D        | Learned a level 4 spell: Cause Fear
   520 | D        | Found a glowing silver altar of Zin.
   521 | D        | Found a glowing golden altar of the Shining One.
   521 | D        | Found a white marble altar of Elyvilon.
   521 | D        | Noticed a deep elf priest
   523 | D        | Killed a deep elf priest
   523 | D        | Reached skill level 1 in Invocations
   523 | D        | Reached XP level 7. HP: 36/36 MP: 17/19
   539 | D        | Learned a level 6 spell: Iron Shot
   542 | D        | Found an iron altar of Okawaru.
   543 | D        | Found a bloodstained altar of Trog.
   543 | D        | Noticed a human
   543 | D        | Noticed a human
   545 | D        | Killed a human
   545 | D        | Reached skill level 10 in Dodging
   545 | D        | Reached skill level 11 in Stealth
   546 | D        | Killed a human
   546 | D        | Reached ** piety under Dithmenos
   546 | D        | Reached skill level 1 in Earth Magic
   562 | D        | Found a snail-covered altar of Cheibriados.
   563 | D        | Found a basalt altar of Yredelemnul.
   563 | D        | Found a blossoming altar of Fedhas.
   564 | D        | Reached XP level 8. HP: 40/42 MP: 22/22
   590 | D        | Reached *** piety under Dithmenos
   603 | D        | Reached skill level 12 in Stealth
   609 | D        | Noticed Erolcha
   634 | D        | Killed Erolcha
   634 | D        | Reached skill level 10 in Spellcasting
   634 | D        | Reached XP level 9. HP: 17/46 MP: 6/24
   635 | D        | Reached **** piety under Dithmenos
   833 | D        | Reached skill level 13 in Stealth
   935 | D        | Reached ***** piety under Dithmenos
  1208 | D        | Reached ****** piety under Dithmenos
  1293 | D        | Killed a yaktaur
  1298 | D        | Reached skill level 5 in Fighting
  1301 | D        | Reached skill level 10 in Short Blades
  1331 | D        | Reached skill level 14 in Stealth
  1331 | D        | Reached XP level 10. HP: 26/51 MP: 17/26
  1513 | D        | Reached skill level 5 in Ice Magic
  1879 | D        | Learned a level 9 spell: Shatter
  1884 | D        | Reached skill level 5 in Armour
  1914 | D        | Noticed a lindwurm
  1919 | D        | Killed a lindwurm
  1919 | D        | Reached skill level 15 in Stealth
  1919 | D        | Reached skill level 5 in Conjurations
  1993 | D        | Noticed Maud
  1995 | D        | Killed Maud
  1995 | D        | Reached skill level 5 in Earth Magic
  1995 | D        | Reached XP level 11. HP: 56/56 MP: 28/28
  1999 | D        | Noticed a five-headed hydra
  1999 | D        | Noticed a seven-headed hydra
  2002 | D        | Killed a five-headed hydra
  2003 | D        | Killed a seven-headed hydra
  2003 | D        | Reached skill level 15 in Dodging
  2003 | D        | Reached skill level 16 in Stealth
  2003 | D        | Reached skill level 10 in Hexes
  2045 | D        | Noticed a death drake
  2048 | D        | Killed a death drake
  2055 | D        | Found a blossoming altar of Fedhas.
  2055 | D        | Noticed a spriggan druid
  2063 | D        | Killed a spriggan druid
  2287 | D        | Noticed an anaconda
  2293 | D        | Killed an anaconda
  2321 | D        | Noticed a naga warrior
  2321 | D        | Noticed a greater naga
  2321 | D        | Found Wuiten's Jewellery Shop.
  2321 | D        | Found Lodorouj's Antique Weapon Shoppe.
  2321 | D        | Found Siuriety's Food Boutique.
  2331 | D        | Killed a greater naga
  2331 | D        | Reached skill level 17 in Stealth
  2335 | D        | Killed a naga warrior
  2444 | D        | Reached XP level 12. HP: 63/63 MP: 26/31
  2446 | D        | Got a serpentine rune of Zot
  2695 | D        | Noticed Rupert
  2699 | D        | Killed Rupert
  2699 | D        | Reached skill level 18 in Stealth
  2707 | D        | Noticed an azure jelly
  2707 | D        | Noticed an azure jelly
  3060 | D        | Reached skill level 15 in Spellcasting
  3067 | D        | Noticed an azure jelly
  3067 | D        | Noticed an azure jelly
  3176 | D        | Noticed Polyphemus
  3182 | D        | Noticed Ilsuiw
  3238 | D        | Slain by Polyphemus

Vault maps used:
D:        dungeon_sprint_mu

Action                   |  1- 3 |  4- 6 |  7- 9 | 10-12 || total
-------------------------+-------+-------+-------+-------++-------
Melee: Dagger            |     7 |     6 |    64 |   108 ||   185
Throw: Throwing net      |       |       |     2 |       ||     2
 Cast: Ensorcelled Hiber |     6 |     3 |    19 |    31 ||    59
       Dazzling Spray    |     4 |     2 |    20 |    63 ||    89
       Tukima's Dance    |       |       |       |     3 ||     3
Invok: Shadow Step       |       |       |       |     8 ||     8
  Use: Potion            |     4 |       |     2 |     1 ||     7
       Scroll            |     2 |       |       |       ||     2
 Stab: Sleeping          |     6 |     5 |    22 |    42 ||    75
       Invisible         |       |       |     6 |    11 ||    17
       Held in net/web   |       |       |     2 |       ||     2
  Eat: Bread ration      |       |       |       |     1 ||     1
